 Dungeon Crawl Stone Soup version 0.30.1-3-gfc49f6343a (webtiles) character file.

Game seed: 6537193562093395546

351 spardeous the Conjurer (level 6, -1/45 HPs)
             Began as a Demigod Air Elementalist on July 27, 2023.
             Killed from afar by a steam dragon (17 damage)
             ... with a ball of steam
             ... on level 5 of the Dungeon.
             The game lasted 00:05:49 (5764 turns).

spardeous the Conjurer (Demigod Air Elementalist)   Turns: 5764, Time: 00:05:49

Health: -1/45      AC:  5    Str: 18    XL:     6   Next: 11%
Magic:  0/15       EV: 12    Int: 25    God:
Gold:   71         SH:  0    Dex: 14    Spells: 3/13 levels left

rFire   . . .        n - +0 dagger (speed)
rCold   . . .        (no shield)
rNeg    . . .        s - +0 leather armour
rPois   .            t - +1 hat
rElec   .            (no cloak)
rCorr   .            i - +0 pair of gloves
SInv    .            (no boots)
Will    +....        (no amulet)
Stlth   ++           k - +6 ring of strength
HPRegen 0.27/turn    p - ring "Vozxiac" {Wiz Will+ Str+3}
MPRegen 0.14/turn

%: wizardry (x1)
@: swift, about to teleport, quick
A: high MP 1, forlorn, divine attributes
a: no special abilities


You were on level 5 of the Dungeon.
You visited 1 branch of the dungeon, and saw 5 of its levels.

You collected 278 gold pieces.
You spent 207 gold pieces at shops.

Inventory:

Hand Weapons
 j - a +0 dagger
 n - a +0 dagger of speed (weapon)
Armour
 a - a +0 robe
 i - a +0 pair of gloves (worn)
 s - a +0 leather armour (worn)
 t - a +1 hat (worn)
 y - the +0 scale mail of Sin {rPois rF+}
   (You bought it in a shop on level 5 of the Dungeon)

   rF:        It protects you from fire.
   rPois:     It protects you from poison.
Jewellery
 k - a +6 ring of strength (left hand)
 p - the ring "Vozxiac" (right hand) {Wiz Will+ Str+3}
   (You took it off a goblin on level 2 of the Dungeon)

   [ring of wizardry]

   It improves your spell success rate.
   Str:       It affects your strength (+3).
   Will:      It increases your willpower.
Scrolls
 c - 3 scrolls of identify {unknown}
 f - a scroll of acquirement {unknown}
 h - 3 scrolls of teleportation
 m - 3 scrolls of fear {unknown}
 o - a scroll of enchant weapon {unknown}
 v - a scroll of enchant armour {unknown}
 w - 2 scrolls of fog {unknown}
 z - a scroll of immolation {unknown}
Potions
 b - a potion of magic
 d - a potion of degeneration {unknown}
 e - 5 potions of curing {unknown}
 g - a potion of attraction {unknown}
 l - a potion of heal wounds {unknown}
 q - a potion of might {unknown}
 r - 2 potions of haste {unknown}
 u - 2 potions of ambrosia {unknown}
 x - a potion of lignification {unknown}


   Skills:
 - Level 1.7 Dodging
 - Level 1.7 Stealth
 + Level 4.0 Spellcasting
 - Level 4.1 Conjurations
 + Level 3.0 Air Magic


You had 3 spell levels left.
You knew the following spells:

 Your Spells              Type           Power      Damage    Failure   Level
a - Shock                 Conj/Air       92%        1d8       1%          1
b - Static Discharge      Conj/Air       46%        2-4/arc   1%          2
c - Airstrike             Air            10%        2d(2-18)  12%         4
d - Swiftness             Air            20%        N/A       4%          3

Your spell library contained the following spells:

 Spells                   Type           Power      Damage    Failure   Level
 Kiss of Death            Conj/Necr      60%        2d10      1%          1
 Confusing Touch          Hex            5%         N/A       13%         3
 Dispel Undead            Necr           5%         3d7       38%         4


Dungeon Overview and Level Annotations

Branches:
Dungeon (5/15)
 Temple: D:4-7

Shops:
D:5 [


Innate Abilities, Weirdness & Mutations

You have an increased reservoir of magic. (+10% MP)
You shall have no god before yourself.
Your divine heritage dramatically boosts your attributes as you level up.


Message History

The spell is quite dangerous to miscast (12% risk of failure)!
Continue anyway?
Aiming: Airstrike (quite dangerous; 12% risk of failure)
Press: ? - help, Dir - move target, f - steam dragon, p - steam dragon
Aim: a steam dragon (steam, empty space bonus: 4/8)
The air twists around and strikes the steam dragon!
The steam dragon is heavily wounded.
You now have 4/15 mp.
Unknown command.
Casting: Airstrike (quite dangerous; 12% risk of failure)
Confirm with . or Enter, or press ? or * to list all spells.
You don't know that spell.
Casting: Airstrike (quite dangerous; 12% risk of failure)
Confirm with . or Enter, or press ? or * to list all spells.
Okay, then.
Casting: Airstrike (quite dangerous; 12% risk of failure)
Confirm with . or Enter, or press ? or * to list all spells.
The spell is quite dangerous to miscast (12% risk of failure)!
Continue anyway?
Aiming: Airstrike (quite dangerous; 12% risk of failure)
Press: ? - help, Dir - move target, f/p - steam dragon
Aim: a steam dragon (heavily wounded, empty space bonus: 5/8)
The air twists around and strikes the steam dragon.
The steam dragon is heavily wounded.
The steam dragon misses you. The steam dragon closely misses you.
You now have 0/15 mp.
As you read the scroll labelled IXKIUVOIWU, it crumbles to dust.
You feel strangely unstable.
It was a scroll of teleportation.
The steam dragon breathes steam at you. The ball of steam hits you!!
* * * LOW HITPOINT WARNING * * *
The steam dragon barely misses you. x2
You take 20 damage, and have 16/45 hp.
MASSIVE DAMAGE!!
The fungus is engulfed in a cloud of scalding steam.
Casting: Airstrike (quite dangerous; 12% risk of failure)
Confirm with . or Enter, or press ? or * to list all spells.
You don't have enough magic to cast this spell.
You closely miss the steam dragon.
The steam dragon is heavily wounded.
The steam dragon breathes steam at you. The ball of steam hits you!
You die...

....####### #~.~P## ##.
####......#####~.P~# #.#
###.###.......#P.~## ##.#. .#<##
#.#.#####..§# #.### #.## #.#.#
#.§§# ##.#. #.# #.#<# #~§P#
#####... #.# #.#.# ###~§#
......... #.# #<#.####.#P§#
######... #.#
#.#.#....#@.#############.# #.#
#........#DD~#..........#.# #.#
#...#.##.#P.~##.#######.#.. #.#
#...#.##.#..P##.).....#.#..
#.#####......#.#~.P########.#.#..
...............#~.P# #.#.#..
..######..#..###..~# #.#.#..
..### ##.#..# ≈..≈. ####.#.#..
....# #.#.##P~...^# #....#....


You could see 2 steam dragons.

Vanquished Creatures
  A scorpion (D:4)
  A bullfrog (D:5)
  A jelly (D:5)
  An orc priest (D:3)
  2 hounds
  An adder (D:3)
  A worm (D:2)
  A dart slug (D:4)
  14 orcs
  8 bats
  11 endoplasms
  2 giant cockroaches
  8 hobgoblins
  A jackal (D:5)
  6 quokkas
  5 ball pythons
  8 frilled lizards
  3 goblins
  5 kobolds
  4 rats
84 creatures vanquished.

Notes
Turn   | Place    | Note
-------+----------+-------------------------------------------
     0 | D:1      | spardeous the Demigod Air Elementalist began the quest for
                  | the Orb.
     0 | D:1      | Reached XP level 1. HP: 14/14 MP: 5/5
    12 | D:1      | Reached skill level 1 in Conjurations
   454 | D:1      | Reached XP level 2. HP: 20/20 MP: 2/7
  1880 | D:3      | Reached XP level 3. HP: 22/26 MP: 1/8
  2730 | D:3      | Reached XP level 4. HP: 18/33 MP: 0/9
  3344 | D:2      | Identified the ring "Vozxiac" {Wiz Will+ Str+3}
  4525 | D:4      | Found a large runed translucent door.
  4525 | D:4      | Found a large runed translucent door.
  4590 | D:4      | Reached XP level 5. HP: 30/38 MP: 2/12
  4864 | D:4      | Learned a level 2 spell: Static Discharge
  4869 | D:4      | Learned a level 4 spell: Airstrike
  4873 | D:4      | Learned a level 3 spell: Swiftness
  4918 | D:5      | Entered Level 5 of the Dungeon
  5011 | D:5      | Found Xeibiy's Antique Armour Shoppe.
  5147 | D:5      | Reached XP level 6. HP: 36/45 MP: 3/15
  5242 | D:5      | Bought a dazzling scale mail for 207 gold pieces
  5242 | D:5      | Identified the +0 scale mail of Sin {rPois rF+} (You bought
                  | it in a shop on level 5 of the Dungeon)
  5750 | D:5      | Noticed a steam dragon
  5752 | D:5      | Noticed a steam dragon
  5764 | D:5      | Killed from afar by a steam dragon

Illustrated notes

Levels and vault maps discovered:
D:1:      scummos_arrival_checkerplants, layout_basic, serial_bayou_lagoon_a,
          hangedman_decor_diamond_cutter
D:2:      layout_basic
D:3:      minmay_recursive_quarters, layout_basic, mainiacjoe_overflow_paths,
          bloody_trog, chequers_hall_statues_corner_a
D:4:      layout_basic, jmf_multi_god_temple2
D:5:      kennysheep_steamy, layout_loops_ring, nemelex_diamond_rough_becter,
          lemuel_blue_sif_altar, fedhas_altar_decomposition,
          kennysheep_windowed_goal

Skill      XL: |  1  2  3  4  5  6 |
---------------+-------------------+-----
Conjurations   | 2 3 4 |  4.1
Spellcasting   | 2 3 4 |  4.0
Air Magic      | 3 |  3.0
Dodging        | |  1.7
Stealth        | |  1.7

Action                     |  1- 3 |  4- 6 || total
---------------------------+-------+-------++-------
  Melee: Unarmed           |     4 |       ||     4
         Dagger            |     8 |     3 ||    11
   Cast: Shock             |   126 |    89 ||   215
         Static Discharge  |       |     2 ||     2
         Airstrike         |       |     2 ||     2
         Swiftness         |       |     1 ||     1
    Use: Scroll            |       |     1 ||     1
 Armour: Robe              |     6 |       ||     6
         Leather armour    |       |     6 ||     6
  Dodge: Dodged            |    28 |    29 ||    57
